AoeStats
← LyM.Chufri23

Arabia

510374161Analyzed
1v1 RM · 14h ago on Sep 30, 2026· 23m 12s· 2 players
Game mode
Random Map
Map size
Tiny (2 player)
Population
200
Speed
Normal
Resources
Standard
Victory
Conquest
Starting age
Dark Age
Ending age
Imperial Age
RankedLock teamsTeams togetherTeam positionsShared explorationLock speedFull tech treeHidden civsTurbo modeCheats
Victory
Defeat
🇵🇹 Burmese · Portugal
1383
+14
🇦🇷 Persians · Argentina
1339
-14
HellHound
7:33 Loom
10:02 Feudal Age
11:42 Man-at-Arms
13:17 Horse Collar
22:27 Castle Age
22:07 Scale Mail Armor
23:00 Bloodlines
23:40 Forging
LyM.Chufri23
4:59 Loom
9:42 Feudal Age
13:40 Double-Bit Axe
16:12 Fletching
Connection lost

Rejoining the realm…

Still unreachable

The connection could not be restored.

Session expired

The server has moved on; the page needs a fresh start.